AoeStats
← Jumbo2_22

Lombardia

510155661Analyzed
4v4 RM · 4d ago on Sep 29, 2026· 57m 11s· 8 players
Game mode
Random Map
Map size
Large (8 player)
Population
200
Speed
Normal
Resources
Standard
Victory
Conquest
Starting age
Dark Age
Ending age
Imperial Age
RankedLock teamsTeams togetherTeam positionsShared explorationLock speedFull tech treeHidden civsTurbo modeCheats
Victory
Defeat
🇬🇧 Franks · United Kingdom
1221
+14
🇦🇷 Magyars · Argentina
1181
+15
🇧🇷 Britons · Brazil
1150
+17
🇩🇪 Saracens · Germany
1145
+17
🇨🇦 Varangians · Canada
1175
-16
🇭🇰 Vietnamese · Hong Kong SAR China
1167
-16
🇨🇿 Danes · Czechia
1164
-16
🇩🇪 Mongols · Germany
1152
-15
Pu77h3md0wn
10:11 Feudal Age
9:05 Loom
11:13 Double-Bit Axe
12:08 Horse Collar
14:14 Forging
14:11 Scale Barding Armor
20:47 Castle Age
21:00 Fletching
21:48 Gold Mining
23:03 Bow Saw
24:08 Wheelbarrow
23:45 Thumb Ring
28:11 Bodkin Arrow
28:37 Chain Barding Armor
29:09 Ballistics
34:30 Imperial Age
32:44 Bloodlines
33:39 Iron Casting
34:39 Hand Cart
34:16 Arson
34:34 Squires
34:51 Husbandry
34:39 Light Cavalry
36:01 Parthian Tactics
35:55 Bracer
38:58 Chemistry
38:41 Murder Holes
40:19 Hussar
40:24 Heavy Cavalry Archer
42:49 Blast Furnace
41:37 Sappers
43:34 Padded Archer Armor
45:07 Caravan
45:49 Capped Ram
48:10 Conscription
48:08 Capped Ram
50:18 Gold Shaft Mining
50:48 Drill
51:45 Elite Skirmisher
51:57 Capped Ram
Mo-Sacra
11:15 Feudal Age
12:03 Double-Bit Axe
12:09 Horse Collar
15:14 Bloodlines
15:17 Forging
15:17 Scale Barding Armor
18:10 Wheelbarrow
21:14 Castle Age
22:26 Bow Saw
22:18 Heavy Plow
23:44 Loom
26:39 Iron Casting
26:25 Chain Barding Armor
25:56 Fletching
31:45 Hand Cart
31:14 Treadmill Crane
31:55 Ballistics
31:30 Murder Holes
32:46 Gold Mining
34:42 Bodkin Arrow
49:16 Scale Mail Armor
49:18 Squires
49:04 Arson
49:04 Gambesons
51:56 Imperial Age
52:03 Elite Jarl
53:04 Conscription
52:14 Gothikon
52:25 Elite Varangian Guard
53:22 Chain Mail Armor
54:07 Blast Furnace
53:43 Plate Barding Armor
53:08 Bracer
Jumbo2_22
3:27 Loom
12:10 Feudal Age
13:57 Wheelbarrow
14:19 Double-Bit Axe
16:53 Castle Age
15:14 Forging
15:04 Scale Mail Armor
15:28 Horse Collar
17:29 Man-at-Arms
17:55 Gambesons
18:10 Squires
17:56 Arson
20:53 Pikeman
25:04 Long Swordsman
33:27 Imperial Age
33:33 Imperial Age
35:31 Hamask
38:02 Two-Handed Swordsman
38:58 Champion
40:30 Elite Jomsviking
42:26 Halberdier
43:49 Chain Mail Armor
44:09 Iron Casting
48:23 Hand Cart
48:01 Elite Varangian Guard
48:06 Elite Skirmisher
49:01 Imperial Skirmisher
50:58 Chemistry
49:57 Fletching
52:36 Bodkin Arrow
52:42 Padded Archer Armor
53:42 Blast Furnace
53:13 Plate Mail Armor
53:22 Siege Engineers
Futou Juhan
12:33 Feudal Age
13:04 Double-Bit Axe
13:04 Horse Collar
14:09 Stone Mining
16:38 Castle Age
17:50 Bow Saw
19:50 Stone Shaft Mining
21:42 Loom
25:00 Gold Mining
27:21 Heavy Plow
28:39 Wheelbarrow
32:50 Imperial Age
31:43 Caravan
31:50 Chatras
32:02 Bloodlines
31:53 Husbandry
32:20 Hand Cart
31:52 Town Watch
33:15 Scale Barding Armor
33:21 Forging
33:00 Elite Battle Elephant
35:54 Elite Skirmisher
37:05 Paper Money
37:18 Thumb Ring
37:15 Fletching
37:26 Padded Archer Armor
37:26 Imperial Skirmisher
39:13 Crop Rotation
39:25 Bodkin Arrow
39:46 Leather Archer Armor
40:49 Bracer
42:18 Chemistry
41:39 Ballistics
43:31 Ring Archer Armor
47:34 Hoardings
46:24 Elite Rattan Archer
Armateur
6:31 Loom
12:13 Feudal Age
17:35 Castle Age
19:29 Double-Bit Axe
21:14 Wheelbarrow
24:18 Fortified Wall
25:22 Bow Saw
26:04 Horse Collar
26:28 Gold Mining
27:13 Heavy Plow
27:57 Hand Cart
27:44 Town Watch
29:12 Town Patrol
32:26 Imperial Age
31:32 Ballistics
31:35 Scale Barding Armor
31:21 Fletching
31:31 Padded Archer Armor
32:32 Husbandry
32:43 Bloodlines
33:30 Conscription
32:51 Elite Mameluke
35:11 Heavy Camel Rider
39:50 Chain Barding Armor
39:26 Bodkin Arrow
39:41 Forging
39:54 Light Cavalry
41:14 Hussar
45:34 Plate Barding Armor
52:02 Two-Man Saw
51:46 Counterweights
53:26 Chemistry
52:32 Siege Engineers
52:38 Masonry
56:03 Bracer
56:38 Iron Casting
Garrón Husita
10:36 Feudal Age
11:37 Loom
12:04 Double-Bit Axe
14:34 Castle Age
12:54 Double-Bit Axe
12:58 Horse Collar
16:18 Wheelbarrow
22:31 Heavy Plow
24:25 Hand Cart
24:26 Bow Saw
26:13 Gold Mining
26:40 Stone Mining
28:11 Gold Shaft Mining
30:35 Imperial Age
27:53 Town Watch
27:59 Fletching
28:10 Padded Archer Armor
28:49 Caravan
29:21 Ballistics
28:42 Treadmill Crane
29:24 Masonry
29:59 Bodkin Arrow
30:20 Leather Archer Armor
30:32 Husbandry
30:43 Bloodlines
30:57 Thumb Ring
30:42 Heavy Cavalry Archer
31:32 Bracer
33:20 Two-Man Saw
33:04 Parthian Tactics
33:11 Ring Archer Armor
34:07 Chemistry
36:35 Conscription
37:15 Recurve Bow
41:10 Hoardings
44:55 Town Patrol
44:44 Cavalier
45:30 Scale Barding Armor
46:59 Chain Barding Armor
46:01 Paladin
48:26 Plate Barding Armor
53:51 Capped Ram
Soul Ledger
11:40 Feudal Age
12:44 Double-Bit Axe
13:20 Loom
15:53 Castle Age
17:54 Wheelbarrow
17:32 Bow Saw
26:42 Caravan
32:33 Imperial Age
29:53 Treadmill Crane
31:03 Hand Cart
30:47 Gold Mining
32:42 Gold Shaft Mining
32:38 Cavalier
33:19 Husbandry
33:21 Chivalry
33:44 Conscription
35:51 Forging
35:52 Scale Barding Armor
36:03 Paladin
38:56 Iron Casting
39:30 Chain Barding Armor
52:54 Plate Barding Armor
53:21 Blast Furnace
Makarov99
2:47 Loom
12:11 Feudal Age
16:40 Castle Age
14:39 Horse Collar
14:50 Double-Bit Axe
19:35 Bow Saw
21:06 Wheelbarrow
22:35 Stone Mining
26:11 Hand Cart
26:52 Squires
28:39 Gold Mining
28:58 Town Watch
30:14 Padded Archer Armor
30:04 Fletching
31:07 Gold Shaft Mining
31:10 Crossbowman
31:10 Elite Skirmisher
34:40 Imperial Age
31:48 Crossbowman
34:23 Pikeman
35:15 Arbalester
39:16 Halberdier
41:43 Bodkin Arrow
42:03 Leather Archer Armor
41:54 Scale Barding Armor
45:46 Chemistry
45:07 Ballistics
46:14 Ring Archer Armor
45:44 Bracer
46:05 Chain Barding Armor
47:03 Forging
49:38 Caravan
Connection lost

Rejoining the realm…

Still unreachable

The connection could not be restored.

Session expired

The server has moved on; the page needs a fresh start.